Map: 사이버 포레스트 - 래더

Players

Lambo

  • Race: Zerg Zerg
  • Spawn Location: 5:00

Maru - Winner!

  • Race: Terran Terran
  • Spawn Location: 11:00

Event: IEM Season 13: Katowice (2019)

VOD

Have the link to the VOD?

Description

Time

  • Played on: Feb. 28, 2019, 1:05 p.m.
  • Length: 7:51

All games in this series

Show
View Real Time Build Order
Export as new Build Order

Lambo Zerg 

Build Orders: Pool First 

Get SALT Encoding   

  12  0:00  Drone  
  13  0:12  Overlord  
  13  0:18  Drone  
  14  0:30  Drone x2  
  16  0:40  Spawning Pool  
  15  0:43  Drone  
  15  0:47  Drone  
  17  1:08  Hatchery  
  17  1:11  Drone  
  17  1:13  Extractor  
  17  1:15  Drone  
  17  1:27  Zergling x2  
  17  1:28  Zergling x2  
  19  1:33  Roach Warren  
  19  1:38  Drone  
  19  1:48  Queen  
  21  1:57  Overlord  
  21  2:17  Roach x2  
  21  2:21  Roach x2  
  29  2:32  Roach  
  30  2:39  Queen  
  30  2:41  Drone  
  33  2:50  Overlord  
  33  2:51  Drone  
  34  2:54  Ravager  
  34  2:56  Drone  
  35  3:01  Drone  
  36  3:09  Drone x3  
  39  3:14  Overlord  
  39  3:18  Drone  
  41  3:27  Ravager  
  41  3:30  Drone x2  
  41  3:33  Drone  
  44  3:39  Drone x2  
  46  3:47  Drone  
  41  3:55  Drone  
  39  3:57  Metabolic Boost  
  39  3:58  Queen  
  38  4:06  Drone  
  38  4:07  Drone  
  38  4:08  Drone, Hatchery  
  40  4:12  Zergling x2  
  41  4:18  Drone  
  42  4:25  Drone  
  42  4:27  Drone x2  
  42  4:28  Drone x4  
  49  4:32  Drone  
  49  4:35  Queen  
  52  4:39  Evolution Chamber  
  52  4:40  Overlord  
  52  4:45  Zergling x2  
  52  4:54  Overlord  
  52  4:58  Queen  
  54  5:00  Zergling x2  
  54  5:01  Zergling x10  
  54  5:06  Zerg Ground Armor Level 1  
  60  5:08  Overlord  
  60  5:12  Zergling x4  
  62  5:17  Queen  
  64  5:25  Zergling x14  
  64  5:27  Overlord  
  70  5:37  Lair  
  70  5:41  Zergling x6  
  70  5:42  Zergling x2  
  74  5:54  Zergling x6  
  74  5:55  Overlord  
  74  5:57  Overlord x2  
  76  5:58  Drone x5  
  76  6:03  Zergling x6  
  80  6:10  Drone  
  80  6:11  Baneling Nest  
  80  6:12  Extractor  
  80  6:13  Drone x2  
  81  6:21  Drone  
  81  6:25  Overlord, Drone x6  
  84  6:34  Drone  
  84  6:38  Drone x2  
  84  6:39  Evolution Chamber  
  85  6:41  Queen  
  85  6:46  Extractor  
  86  6:48  Drone  
  86  6:50  Zergling x8  
  91  6:54  Zergling x6  
  91  6:56  Zergling x4  
  91  6:57  Hatchery  
  93  7:04  Zergling x2  
  93  7:08  Zergling x6  
  96  7:15  Zergling x2  
  96  7:16  Zergling x6  
  96  7:18  Zergling x8  
  96  7:20  Zergling x6  
  103  7:22  Baneling  
  103  7:23  Baneling x5  
  103  7:26  Zergling x2  
  103  7:28  Baneling x2  
  108  7:30  Zergling x4  
Show
View Real Time Build Order
Export as new Build Order

Maru Terran - Winner!

Build Orders: Reaper Expand 

Get SALT Encoding   

  12  0:00  SCV  
  13  0:12  SCV  
  14  0:17  Supply Depot  
  14  0:24  SCV  
  15  0:38  SCV  
  15  0:40  Barracks  
  16  0:43  Refinery  
  16  0:50  SCV  
  17  1:02  SCV  
  18  1:14  SCV  
  19  1:27  Orbital Command  
  19  1:28  Reaper  
  20  1:41  Command Center  
  20  1:52  SCV  
  21  1:57  Barracks  
  21  2:01  Barracks Reactor  
  21  2:04  SCV  
  21  2:08  Supply Depot  
  22  2:11  Refinery  
  22  2:16  SCV  
  23  2:29  SCV  
  24  2:36  Factory  
  24  2:37  Marine x2  
  24  2:42  SCV  
  24  2:43  Barracks Tech Lab  
  27  2:54  SCV  
  27  2:55  Marine x2  
  30  3:02  Marauder, Concussive Shells  
  32  3:07  Orbital Command  
  32  3:13  Marine x2  
  32  3:19  Factory Tech Lab  
  34  3:25  Marauder  
  36  3:28  SCV  
  36  3:30  Marine x2  
  39  3:35  SCV  
  39  3:40  SCV  
  40  3:47  SCV  
  41  3:48  Marine  
  41  3:54  Siege Tank  
  41  3:55  SCV  
  44  3:59  Stimpack  
  41  4:04  SCV, Supply Depot  
  41  4:07  SCV  
  43  4:11  Starport  
  43  4:16  SCV  
  44  4:18  Marine x2  
  46  4:25  SCV, Marine  
  46  4:27  Supply Depot  
  46  4:28  SCV  
  49  4:31  Factory Reactor  
  49  4:32  Supply Depot  
  49  4:35  Marine x2  
  52  4:38  SCV  
  52  4:40  SCV  
  52  4:43  Marine  
  54  4:46  Engineering Bay  
  54  4:50  SCV  
  54  4:52  SCV  
  56  4:53  Marine  
  56  4:54  Marine  
  58  5:01  Marine  
  58  5:02  SCV  
  58  5:04  SCV, Supply Depot  
  61  5:08  Barracks  
  61  5:11  Terran Infantry Weapons Level 1  
  61  5:12  Medivac x2  
  65  5:14  SCV  
  65  5:16  Refinery, SCV, Marine x2  
  65  5:18  Marine  
  70  5:26  Siege Tank, Supply Depot  
  73  5:31  Supply Depot  
  73  5:34  Marine x2  
  75  5:36  Marine  
  76  5:47  SCV x2  
  76  5:48  Supply Depot  
  78  5:52  Marine x2  
  78  5:54  Marine  
  81  5:58  Medivac  
  81  6:00  Combat Shield  
  78  6:06  Marine x2  
  78  6:09  Siege Tank  
  78  6:10  Marine x2  
  82  6:15  Command Center  
  82  6:19  Marine  
  82  6:24  Marine  
  84  6:27  SCV, Marine  
  84  6:28  Marine  
  85  6:34  Marine  
  85  6:35  Supply Depot  
  85  6:36  Medivac  
  85  6:37  Marine  
  89  6:42  Marine  
  89  6:44  Siege Tank  
  89  6:45  Marine x2  
  95  6:51  Marine  
  96  6:55  Marine  
  96  7:00  Marine  
  97  7:03  Marine x2  
  97  7:04  SCV  
  100  7:09  Marine  
  100  7:10  Starport Reactor  
  100  7:13  Marine  
  102  7:15  Supply Depot  
  102  7:16  Siege Tank  
  102  7:17  Marine  
  102  7:20  SCV  
  102  7:21  Marine x2  
  109  7:27  Marine  
  109  7:29  Supply Depot  
  110  7:31  Marine  
  110  7:36  SCV x2  

Tags
 
Add a new tag
Caveats
  • Supply blocks, unpowered buildings, or Contaminate may cause inaccurate times.
  • Supply counts are checked every 10 seconds.